 Dungeon Crawl Stone Soup version 0.31-a0-187-gba352fbbf7 (webtiles) character file.

Game seed: 1071882074036383368

1514 qw the Skirmisher (level 8, -2/45 (46) HPs)
             Began as a Deep Elf Hunter on June 22, 2023.
             Slain by a wight
             ... wielding a +3 long sword
              (7 damage)
             ... on level 5 of the Dungeon.
             The game lasted 00:01:19 (3013 turns).

qw the Skirmisher (Deep Elf Hunter)                 Turns: 3013, Time: 00:01:19

HP:   -2/45 (46)    AC:  6    Str: 16    XL:     8   Next: 53%
MP:   0/10          EV: 13    Int: 15    God:
Gold: 224           SH:  0    Dex: 18    Spells: 7/7 levels left

rFire   . . .        Y - +3 shortbow
rCold   + . .        (shield currently unavailable)
rNeg    . . .        d - +0 ring mail
rPois   .            (no helmet)
rElec   .            h - +0 cloak
rCorr   .            (no gloves)
SInv    .            (no boots)
Will    .....        i - amulet of guardian spirit
Stlth   +            e - ring of protection from cold
HPRegen 0.27/turn    g - +6 ring of strength
MPRegen 0.12/turn

%: guardian spirit
@: lightly drained
A: no striking features
a: no special abilities


You were on level 5 of the Dungeon.
You visited 1 branch of the dungeon, and saw 5 of its levels.

You collected 224 gold pieces.


   Skills:
 - Level 3.0 Fighting
 - Level 13.0 Ranged Weapons
 - Level 1.4 Armour
 + Level 4.8 Dodging
 - Level 1.2 Stealth


You had 7 spell levels left.
You didn't know any spells.
Your spell library was empty.

Inventory:

Hand Weapons
 Y - a +3 shortbow (weapon)
Armour
 d - a +0 ring mail (worn)
 h - a +0 cloak (worn)
Jewellery
 e - a ring of protection from cold (left hand)
 g - a +6 ring of strength (right hand)
 i - an amulet of guardian spirit (around neck)
Scrolls
 c - a scroll of identify
Potions
 f - a potion of curing
 j - a potion of lignification {unknown}
 l - a potion of haste {unknown}

Dungeon Overview and Level Annotations

Branches:
Dungeon (5/15)
 Temple: D:4-7

Altars:
Elyvilon
Sif Muna
Yredelemnul

Shops:
D:1 (

Annotations:
D:3 2 transporters, qw's ghost, amateur GrFi


Message History

The wight is heavily damaged.
You hear some strange, mumbled words.
Something tries to affect you, but you resist.
The wight barely misses you.
You shoot an arrow. The arrow hits the wight.
The wight is severely damaged.
Something hits you but does no damage. The wight barely misses you.
You shoot an arrow. The arrow hits the wight.
The wight is almost destroyed.
Something hits you but does no damage. The wight closely misses you.
You shoot an arrow. The arrow barely misses the wight.
You hear some strange, mumbled words.
Something tries to affect you, but you resist.
The wight closely misses you.
You shoot an arrow. The arrow closely misses the wight.
Something hits you but does no damage. The wight misses you.
You shoot an arrow. The arrow completely misses the wight.
Something hits you but does no damage. The wight barely misses you.
You shoot an arrow. The arrow hits the wight.
You destroy the wight!
Your Ranged Weapons skill increases to level 13!
You shoot an arrow. The arrow hits the wight.
The wight is lightly damaged.
Something hits you.
You shoot an arrow. The arrow closely misses the wight.
Something barely misses you.
The wight hits you with a +3 long sword!
You feel drained.
You shoot an arrow. The arrow closely misses the wight.
Something hits you but does no damage. The wight completely misses you.
You shoot an arrow. The arrow hits the wight.
The wight is heavily damaged.
Something hits you but does no damage.
The wight hits you with a +3 long sword!
You shoot an arrow.
The arrow hits the wight but does no damage.
The wight is heavily damaged.
Something hits you but does no damage.
The wight hits you with a +3 long sword!
You die...

......####..........
##..#...##.........
##.###......#.#.#
###.###.....##o..#
#..>....###..#..###.#
..#.########.....o.o.
###.# #..!.)####. #.#
#...#.).z{# #.#
#.###.#.#@# #.# #
###.#.# #.# #.#.. #.#
#.##.. #.# ### #.#
...


You could see a wight.

Vanquished Creatures
  Pikel (D:4)
  Edmund (D:4)
  2 ice beasts
  2 black bears (D:4)
  An ogre (D:4)
  A lemure (D:4)
  4 wights (D:5)
  An orc priest (D:5)
  Jessica (D:2)
  3 orc wizards
  6 adders
  An ufetubus (D:4)
  3 worms
  3 dart slugs (D:1)
  10 orcs
  5 bats
  6 endoplasms
  2 giant cockroaches (D:1)
  2 hobgoblins (D:1)
  2 jackals (D:1)
  2 quokkas (D:3)
  8 ball pythons
  2 frilled lizards
  6 goblins
  4 kobolds
  4 rats
83 creatures vanquished.

Notes
Turn   | Place    | Note
-------+----------+-------------------------------------------
     0 | D:1      | qw the Deep Elf Hunter began the quest for the Orb.
     0 | D:1      | Reached XP level 1. HP: 12/12 MP: 3/3
     0 | D:1      | 0 ||| qw: Version: 0.3-a-9-g12657ce
     0 | D:1      | 0 ||| qw: Game counter: 1963
     0 | D:1      | 0 ||| qw: Always use a shield: true
     0 | D:1      | 0 ||| qw: God list: Okawaru
     0 | D:1      | 0 ||| qw: Allow faded altars: false
     0 | D:1      | 0 ||| qw: Do Orc after D:15 true
     0 | D:1      | 0 ||| qw: Do second Lair branch before Depths: true
     0 | D:1      | 0 ||| qw: Lair rune preference: random
     0 | D:1      | 0 ||| qw: Plans: Normal
     0 | D:1      | 0 ||| PLANNING D:1-11
    43 | D:1      | 43 ||| FLEEEEING.
    44 | D:1      | 44 ||| FLEEEEING.
    45 | D:1      | 45 ||| FLEEEEING.
    47 | D:1      | 47 ||| FLEEEEING.
    48 | D:1      | 48 ||| FLEEEEING.
    49 | D:1      | 49 ||| FLEEEEING.
    50 | D:1      | 50 ||| FLEEEEING.
    51 | D:1      | 51 ||| FLEEEEING.
    52 | D:1      | 52 ||| FLEEEEING.
    53 | D:1      | 53 ||| FLEEEEING.
   219 | D:1      | Reached XP level 2. HP: 16/16 MP: 4/4
   221 | D:1      | Reached skill level 6 in Ranged Weapons
   440 | D:1      | Found Nasapt's Antique Weapon Emporium.
   538 | D:1      | Found a faded altar of an unknown god.
   616 | D:1      | Reached XP level 3. HP: 15/20 MP: 5/5
   657 | D:1      | 657 ||| UPGRADING to +0 ring mail.
   667 | D:1      | 667 ||| DROPPING +0 leather armour.
   668 | D:1      | 668 ||| UPGRADING to +0 cloak.
   673 | D:1      | 673 ||| UPGRADING to amulet of guardian spirit.
   678 | D:1      | 678 ||| UPGRADING to ring of protection from cold.
   679 | D:1      | 679 ||| UPGRADING to +6 ring of strength.
   680 | D:1      | 680 ||| READING scroll labelled QEACUSOGAHIJ.
   681 | D:1      | 681 ||| READING scroll labelled KIDETS BOSU.
   682 | D:1      | 682 ||| DROPPING scroll of butterflies.
   731 | D:2      | Noticed Jessica
   733 | D:2      | Killed Jessica
   734 | D:2      | Reached skill level 7 in Ranged Weapons
   849 | D:2      | Reached XP level 4. HP: 25/25 MP: 6/6
  1370 | D:2      | 1370 ||| READING scroll labelled DOKA NIUTAYT.
  1371 | D:2      | 1371 ||| READING 2 scrolls of identify.
  1371 | D:2      | 1371 ||| IDENTIFYING emerald potion
  1372 | D:2      | 1372 ||| DROPPING potion of invisibility.
  1553 | D:3      | Found a transporter.
  1559 | D:3      | Found a transporter.
  1559 | D:3      | Noticed qw's ghost (amateur GrFi)
  1560 | D:3      | Noticed an ogre
  1628 | D:3      | Noticed an ice beast
  1642 | D:3      | Killed an ice beast
  1643 | D:3      | Reached skill level 9 in Ranged Weapons
  1643 | D:3      | Reached XP level 5. HP: 22/29 MP: 5/7
  1975 | D:3      | Found a shimmering blue altar of Sif Muna.
  2104 | D:3      | 2104 ||| READING scroll labelled OFFAUCS XAOSOPP.
  2105 | D:3      | 2105 ||| READING 3 scrolls labelled SUGHINOT ANOTT.
  2106 | D:3      | 2106 ||| READING 2 scrolls of enchant weapon.
  2106 | D:3      | 2106 ||| ENCHANTING +1 shortbow.
  2107 | D:3      | 2107 ||| READING scroll of enchant weapon.
  2107 | D:3      | 2107 ||| ENCHANTING +2 shortbow.
  2108 | D:3      | 2108 ||| READING scroll labelled ISACZA ATAAPAA.
  2109 | D:3      | 2109 ||| READING 2 scrolls of identify.
  2109 | D:3      | 2109 ||| IDENTIFYING puce potion
  2110 | D:3      | 2110 ||| DROPPING potion of berserk rage.
  2164 | D:4      | Noticed a black bear
  2168 | D:4      | Killed a black bear
  2169 | D:4      | Reached XP level 6. HP: 34/36 MP: 8/8
  2200 | D:4      | Reached skill level 3 in Dodging
  2342 | D:4      | Found a white marble altar of Elyvilon.
  2479 | D:4      | Noticed Pikel
  2501 | D:4      | Killed Pikel
  2502 | D:4      | Reached skill level 11 in Ranged Weapons
  2502 | D:4      | Reached XP level 7. HP: 22/40 MP: 5/9
  2588 | D:4      | Reached skill level 1 in Armour
  2588 | D:4      | Reached XP level 8. HP: 45/45 MP: 10/10
  2696 | D:4      | Found a basalt altar of Yredelemnul.
  2769 | D:4      | 2769 ||| READING scroll labelled KUSE RYREV.
  2770 | D:4      | 2770 ||| READING 2 scrolls of identify.
  2770 | D:4      | 2770 ||| IDENTIFYING grey potion
  2787 | D:5      | Entered Level 5 of the Dungeon
  2787 | D:5      | Noticed Edmund
  2788 | D:5      | 2788 ||| PLANNING SEWER
  2793 | D:5      | 2793 ||| STAIRDANCE
  2799 | D:4      | Killed Edmund
  2882 | D:5      | Reached skill level 12 in Ranged Weapons
  2966 | D:5      | 2966 ||| Stepping ~*~*~tactically~*~*~ (outnumbered).
  2969 | D:5      | 2969 ||| Stepping ~*~*~tactically~*~*~ (outnumbered).
  2977 | D:5      | Reached skill level 3 in Fighting
  2981 | D:5      | 2981 ||| Stepping ~*~*~tactically~*~*~ (outnumbered).
  2982 | D:5      | 2982 ||| Stepping ~*~*~tactically~*~*~ (outnumbered).
  3009 | D:5      | Reached skill level 13 in Ranged Weapons
  3012 | D:5      | HP: 5/45 [wight/+3 long sword (8)]
  3013 | D:5      | Slain by a wight

Levels and vault maps discovered:
D:1:      evilmike_arrival_plus, layout_basic,
          shapermc_ecumenical_altar_totnotflames, serial_shops, shop_fountains
D:2:      layout_basic, nicolae_figureground_sparkle, uniq_jessica
D:3:      layout_loops_ring, led_sif_pool, gammafunk_ghost_smash
D:4:      layout_cave_pools, kennysheep_ying_yang, uniq_pikel
D:5:      layout_rooms, portal_sewer_entry_e, uniq_edmund, uniq_blork_the_orc

Skill      XL: |  1  2  3  4  5  6  7  8 |
---------------+-------------------------+-----
Ranged Weapons | 6 7 9 11 13 | 13.0
Fighting       | 2 3 |  3.0
Dodging        | 3 4 |  4.8
Armour         | 1 |  1.4
Stealth        | |  1.2

Action                     |  1- 3 |  4- 6 |  7- 9 || total
---------------------------+-------+-------+-------++-------
   Fire: Shortbow          |    69 |   161 |    76 ||   306
    Use: Scroll            |     2 |     8 |     2 ||    12
 Armour: Leather armour    |     3 |       |       ||     3
         Ring mail         |       |    15 |    31 ||    46
  Dodge: Dodged            |    11 |    26 |    34 ||    71

Table legend:
 A = Non-vault XP
 B = Vault XP
 C = Vault XP percentage of total XP
 D = Non-vault monster count
 E = Vault monster count
 F = Vault count percentage of total count
                 A         B        C        D         E       F
            +---------+---------+-------+---------+---------+-------
      Total |    1279 |     884 |  40.9 |      79 |       3 |   3.7
            +---------+---------+-------+---------+---------+-------
        D:1 |      44 |       0 |   0.0 |      24 |       0 |   0.0
        D:2 |      39 |      37 |  48.7 |       9 |       1 |  10.0
        D:3 |     180 |       0 |   0.0 |      19 |       0 |   0.0
        D:4 |     473 |     847 |  64.2 |      17 |       2 |  10.5
        D:5 |     543 |       0 |   0.0 |      10 |       0 |   0.0
            +---------+---------+-------+---------+---------+-------
